 Dungeon Crawl Stone Soup version 0.23.2-1-ga50397a (webtiles) character file.

Game seed: 8352247203253867758

3710 MalarOregon the Grappler (level 10, 0/90 (91) HPs)
             Began as a Ghoul Gladiator on June 2, 2019.
             Was an Initiate of Makhleb.
             Slain by a yak (16 damage)
             ... on level 9 of the Dungeon on June 3, 2019.
             The game lasted 00:18:35 (9524 turns).

MalarOregon the Grappler (Ghoul Gladiator)          Turns: 9524, Time: 00:18:36

HP:   0/90 (91)     AC:  4    Str: 24    XL:     10   Next: 14%
MP:   9/9           EV: 15    Int:  3    God:    Makhleb [......]
Gold: 333           SH:  0    Dex: 13    Spells: 9/9 levels left

rFire    . . .     SeeInvis +     - Unarmed
rCold    + . .     Gourm    .   (no shield)
rNeg     + + +     Faith    .   a - +0 leather armour
rPois    ∞         Spirit   .   b - +0 helmet
rElec    .         Reflect  .   (no cloak)
rCorr    .         Harm     .   (no gloves)
MR       .....                  (no boots)
Stlth    ++........             (no amulet)
HPRegen  0.00/turn              u - ring of stealth
MPRegen  0.11/turn              z - ring of see invisible

@: mighty, rotting
A: rotting body, claws 1, carnivore, cold resistance 1, negative energy
resistance 3, inhibited regeneration, torment resistance, unbreathing
a: Renounce Religion


You were on level 9 of the Dungeon.
You worshipped Makhleb.
Makhleb was noncommittal.
You were not hungry.

You visited 2 branches of the dungeon, and saw 10 of its levels.

You collected 360 gold pieces.
You spent 27 gold pieces at shops.

Inventory:

Hand Weapons
 w - a +0 blowgun
   (You bought it in a shop on level 6 of the Dungeon)
Missiles
 c - 2 throwing nets {!f}
 s - 4 tomahawks (quivered)
 x - 5 needles of sleeping
Armour
 a - a +0 leather armour (worn)
 b - a +0 helmet (worn)
Jewellery
 l - an uncursed ring of protection from magic
   (You found it on level 6 of the Dungeon)
 o - an uncursed ring of protection from cold
   (You found it on level 3 of the Dungeon)
 u - a ring of stealth (left claw)
   (You found it on level 3 of the Dungeon)
 z - a ring of see invisible (right claw)
   (You found it on level 4 of the Dungeon)
Scrolls
 d - 7 scrolls of identify {@r1}
 j - 4 scrolls of remove curse {@r2}
 m - a scroll of blinking
 p - 2 scrolls of immolation {!r}
 q - 4 scrolls of teleportation {@r4}
 r - a scroll of fear
 v - a scroll of fog
 y - a scroll of amnesia {unknown}
 C - a scroll of magic mapping {unknown}
Potions
 f - a potion of might
 g - a potion of ambrosia
 i - 3 potions of heal wounds {@q2}
 k - 3 potions of flight
 n - 3 potions of curing {@q1}
 t - 3 potions of brilliance
 A - a potion of degeneration {unknown}
 B - a potion of agility
 D - 2 potions of invisibility {unknown}
Comestibles
 e - 13 rations {!d}


   Skills:
 * Level 9.3 Fighting
 + Level 5.6 Throwing
 + Level 5.9 Dodging
 * Level 9.6 Unarmed Combat


You had 9 spell levels left.
You didn't know any spells.
Your spell library contained the following spells:

 Spells                   Type           Power        Failure   Level  Hunger
 Magic Dart               Conj           #...         56%         1    ##.....
 Searing Ray              Conj           #.....       71%         2    ###....
 Dazzling Spray           Conj/Hex       #.....       91%         3    ####...
 Force Lance              Conj/Tloc      #.......     100%        4    #####..
 Fulminant Prism          Conj/Hex       #.........   100%        4    #####..
 Iskenderun's Mystic Bla  Conj           #.......     100%        4    #####..


Dungeon Overview and Level Annotations

Branches:
Dungeon (9/15)             Temple (1/1) D:6
   Lair: D:8-11         Orc: D:9-12

Altars:
Ashenzari
Cheibriados
Elyvilon
Gozag
Hepliaklqana
Kikubaaqudgha
Makhleb
Nemelex Xobeh
Okawaru
Qazlal
Ru
Trog
Uskayaw
Vehumet
Wu Jian
Xom
Yredelemnul
Zin
The Shining One

Shops:
D:6 :*


Innate Abilities, Weirdness & Mutations

Your body is rotting away.
You thrive on raw meat.
You are immune to poison.
You have sharp fingernails.
You are carnivorous and can eat meat at any time.
Your flesh is cold resistant. (rC+)
You are immune to negative energy. (rN+++)
You do not regenerate when monsters are visible.
You are immune to unholy pain and torment.
You can survive without breathing.


Message History

You miss the hungry ghost. The hungry ghost barely misses you.
You barely miss the hungry ghost. You closely miss the hungry ghost.
The hungry ghost barely misses you.
You scratch the hungry ghost. The hungry ghost misses you.
You barely miss the hungry ghost. The hungry ghost hits you.
You claw the hungry ghost! The hungry ghost hits you.
You closely miss the hungry ghost. You scratch the hungry ghost.
The hungry ghost hits you.
You miss the hungry ghost. The hungry ghost closely misses you.
You barely miss the hungry ghost. The hungry ghost hits you.
You closely miss the hungry ghost. The hungry ghost closely misses you.
You scratch the hungry ghost. The hungry ghost hits you.
You claw the hungry ghost!
You destroy the hungry ghost!
Makhleb accepts your kill.
You barely miss the yak. You claw the yak. The yak completely misses you.
You barely miss the yak. The yak closely misses you.
You scratch the yak but do no damage. The yak gores you.
You scratch the yak. The yak gores you!
You scratch the yak.
Unknown command.
You eat one of the 14 rations {!d}.
That ration really hit the spot!
The yak gores you!
* * * LOW HITPOINT WARNING * * *
You are too injured to fight recklessly!
You are too injured to fight recklessly!
You claw the yak! The yak gores you!
* * * LOW HITPOINT WARNING * * *
You feel very mighty all of a sudden. The yak barely misses you.
You barely miss the yak. The yak gores you.
* * * LOW HITPOINT WARNING * * *
You mangle the yak!!
You kill the yak!
Makhleb accepts your kill.
You mangle the yak!! You barely miss the yak. The yak gores you.
* * * LOW HITPOINT WARNING * * *
You mangle the yak!!
You kill the yak!
Makhleb accepts your kill.
You barely miss the yak. You scratch the yak. The yak closely misses you.
You closely miss the yak. The yak gores you.
* * * LOW HITPOINT WARNING * * *
You mangle the yak!! The yak closely misses you.
You claw the yak! You barely miss the yak. The yak closely misses you.
You barely miss the yak. The yak gores you!
You die...

#######
##.....#
##..###.#
###..##
#.####
#...##
#....#
#####.###
####.#
..<...#
#.#
#######
#.# #@#
#Y# #.#
(.. ...
.....
#.### ..


You could see a yak.

Vanquished Creatures
  Sigmund (D:2)
  3 yaks (D:9)
  A wyvern (D:8)
  2 hungry ghosts
  A water moccasin (D:6)
  An orc warrior (D:5)
  2 ice beasts
  A black bear (D:7)
  A sky beast (D:7)
  3 ogres
  5 centaurs
  3 bullfrogs
  4 scorpions
  An electric eel (D:7)
  A howler monkey (D:6)
  3 crimson imps
  2 hounds
  A quasit (D:7)
  6 orc priests
  3 jellies
  A centaur skeleton (D:3)
  A bullfrog skeleton (D:6)
  7 orc wizards
  An iguana (D:6)
  3 worker ants
  13 adders
  A shadow imp (D:8)
  3 dart slugs
  2 leopard geckos
  22 orcs
  12 bats
  4 giant cockroaches
  7 goblins
  13 hobgoblins
  18 jackals
  7 quokkas
  A ball python (D:2)
  2 frilled lizards
  2 jackal skeletons
  8 kobolds
  A quokka zombie (D:5)
  2 rats
176 creatures vanquished.

Notes
Turn   | Place    | Note
-------+----------+-------------------------------------------
     0 | D:1      | MalarOregon the Ghoul Gladiator began the quest for the
                  | Orb.
     0 | D:1      | Reached XP level 1. HP: 17/17 MP: 0/0
   366 | D:1      | Reached XP level 2. HP: 25/25 MP: 1/1
   570 | D:1      | Reached XP level 3. HP: 24/30 MP: 2/2
   918 | D:2      | Noticed Sigmund
  1202 | D:2      | Reached XP level 4. HP: 30/38 MP: 3/3
  1390 | D:2      | Killed Sigmund
  1390 | D:2      | Reached XP level 5. HP: 44/46 MP: 4/4
  1602 | D:3      | Reached XP level 6. HP: 52/52 MP: 5/5
  1613 | D:3      | Reached skill level 5 in Unarmed Combat
  1883 | D:3      | Found a radiant altar of Vehumet.
  1894 | D:3      | Found an opulent altar of Gozag.
  3522 | D:5      | Entered Level 5 of the Dungeon
  3770 | D:5      | Reached skill level 5 in Fighting
  3770 | D:5      | Reached XP level 7. HP: 61/61 MP: 6/6
  4008 | D:5      | Reached XP level 8. HP: 51/70 MP: 7/7
  4262 | D:6      | Found Duw Kune's Serpentskin Sales.
  5478 | D:6      | Found Coti's Book Emporium.
  5663 | D:6      | Found a staircase to the Ecumenical Temple.
  5818 | D:6      | Bought a +0 blowgun for 27 gold pieces
  5849 | D:6      | Reached XP level 9. HP: 56/79 MP: 8/8
  6353 | D:5      | Reached skill level 5 in Dodging
  6775 | Temple   | Entered the Ecumenical Temple
  6854 | Temple   | Became a worshipper of Makhleb the Destroyer
  8536 | D:7      | Reached skill level 5 in Throwing
  8892 | D:8      | Found a sacrificial altar of Ru.
  9486 | D:9      | Reached XP level 10. HP: 80/91 MP: 9/9
  9524 | D:9      | Slain by a yak

Skill      XL: |  1  2  3  4  5  6  7  8  9 |
---------------+----------------------------+-----
Throwing       | 2 3 4 5 |  5.6
Fighting       | 3 4 5 6 7 9 |  9.3
Dodging        | 3 4 5 |  5.9
Unarmed Combat | 4 5 6 7 9 |  9.6

Action                   |  1- 3 |  4- 6 |  7- 9 | 10-12 || total
-------------------------+-------+-------+-------+-------++-------
Melee: Unarmed           |   124 |   187 |   368 |    35 ||   714
       Punch             |     2 |     5 |    18 |     1 ||    26
Throw: Throwing net      |       |     2 |       |       ||     2
  Use: Scroll            |       |       |    20 |       ||    20
       Potion            |       |       |       |     1 ||     1
 Stab: Sleeping          |       |     1 |     2 |       ||     3
  Eat: Chunk             |     8 |     7 |    35 |       ||    50
       Ration            |       |       |       |     1 ||     1
Armor: Leather armour    |    47 |    40 |    83 |     1 ||   171
       Skin              |       |       |     2 |       ||     2
Dodge: Dodged            |   110 |   117 |   269 |    13 ||   509
